 Dungeon Crawl Stone Soup version 0.29-a0-43-g62a80824bf (webtiles) character file.

Game seed: 15502672110122950206

20 Spectrina the Cudgeller (level 3, -1/29 HPs)
             Began as a Human Monk on Feb 3, 2022.
             Slain by a worm (9 damage)
             ... on level 3 of the Dungeon.
             The game lasted 00:02:21 (299 turns).

Spectrina the Cudgeller (Human Monk)                 Turns: 299, Time: 00:02:22

Health: -1/29      AC:  3    Str: 13    XL:     3   Next: 0%
Magic:  3/3        EV: 13    Int: 10    God:
Gold:   51         SH:  0    Dex: 15    Spells: 2/2 levels left

rFire   . . .      SeeInvis .   a - +0 flail
rCold   . . .      Faith    .   (no shield)
rNeg    . . .      Spirit   .   d - +0 robe
rPois   .          Reflect  .   (no helmet)
rElec   .          Harm     .   f - +0 cloak
rCorr   .          Rampage  .   (no gloves)
Will    .....                   (no boots)
Stlth   ++........              (no amulet)
HPRegen 0.09/turn               (no ring)
MPRegen 0.08/turn               (no ring)

@: no status effects
A: no striking features
a: no special abilities


You were on level 3 of the Dungeon.
You visited 1 branch of the dungeon, and saw 4 of its levels.

You collected 51 gold pieces.

Inventory:

Hand Weapons
 a - a +0 flail (weapon)
 b - a +0 hunting sling of flaming
 g - a +0 mace
Missiles
 c - 41 stones (quivered)
Armour
 d - a +0 robe (worn)
 f - a +0 cloak (worn)
Scrolls
 e - a scroll of identify {unknown}


   Skills:
 - Level 3.0 Fighting
 + Level 4.0 Maces & Flails
 - Level 3.0 Dodging
 - Level 2.0 Stealth


You had 2 spell levels left.
You didn't know any spells.
Your spell library was empty.

Dungeon Overview and Level Annotations

Branches:
Dungeon (4/15)
 Temple: D:4-7

Altars:

Shops:
D:3 *

Annotations:
D:3 Terence


Message History

Found an embroidered scarf.
There is an open door here.
A ball python comes into view.
Fire: 42 stones
Press: ? - help, Q - select action Shift-Dir - straight line, f - ball python
Aim: a ball python (asleep, 98% to hit)
You shoot a stone. The stone hits the ball python.
The stone burns the ball python.
The ball python is severely wounded.
Fire: 41 stones
Press: ? - help, Q - select action Shift-Dir - straight line, f/p - ball python
Aim: a ball python (severely wounded, 55% to hit)
You shoot a stone. The stone hits the ball python.
The stone burns the ball python.
You kill the ball python!
Your Maces & Flails skill increases to level 4!
You have reached level 3!
Your experience leads to an increase in your attributes!
Increase (S)trength, (I)ntelligence, or (D)exterity?
You feel stronger. x2
Found 12 gold pieces.
Found an escape hatch in the ceiling.
c - 41 stones (gained 1)
You see here a ball python corpse.
Found a stone staircase leading down.
A worm comes into view.
The worm moves out of view.
You see here 12 gold pieces.
You now have 51 gold pieces (gained 12).
Your +0 hunting sling of flaming stops flaming.
a - a +0 flail (weapon)
You sock the worm!
The worm is heavily wounded.
The worm closely misses you.
You barely miss the worm.
The worm is heavily wounded.
You hit the worm.
The worm is severely wounded.
The worm bites you!
You die...

..#.##..........[.#
#.#.##............# ..
#'#'#....###...##.###....
.........#......†.....<..
.........#.#.#.##.####..
........^'.#.#.##.#
.........###.#..#.#
.........+ ..##.#.#
.........# ####.@w#
.........# #.........
.........# #.........
.....##### ..........
.....# ....>...... .....#
............ .....#
.............
..........####


You could see a worm.

Vanquished Creatures
  3 orcs (D:3)
  3 ball pythons (D:3)
  A bat (D:3)
  2 endoplasms
  2 goblins
  A kobold (D:3)
  A quokka (D:1)
  A rat (D:3)
14 creatures vanquished.

Notes
Turn   | Place    | Note
-------+----------+-------------------------------------------
     0 | D:1      | Spectrina the Human Monk began the quest for the Orb.
     0 | D:1      | Reached XP level 1. HP: 18/18 MP: 1/1
   112 | D:3      | Found Jynosch's General Store.
   120 | D:3      | Noticed Terence
   159 | D:3      | Reached XP level 2. HP: 15/24 MP: 2/2
   283 | D:3      | Reached skill level 4 in Maces & Flails
   283 | D:3      | Reached XP level 3. HP: 7/29 MP: 3/3
   299 | D:3      | Slain by a worm

Illustrated notes

Levels and vault maps discovered:
D:1:      ebering_hopf_link, layout_basic, serial_glass, glass_columns_c,
          glass_columns_a
D:2:      layout_loops_ring, ebering_ecumenical_altar_hall, due_unseen_surprise
D:3:      layout_basic, serial_shops, nicolae_shop_window_shopping,
          minmay_misc_feat_rows, uniq_terence
D:4:      layout_loops_cross, uniq_ijyb, uniq_robin

Skill      XL: |  1  2 |
---------------+-------+-----
Maces & Flails | 4 |  4.0
Fighting       | |  3.0
Dodging        | |  3.0
Stealth        | |  2.0

Action                   || total
-------------------------++-------
Melee: Mace              ||    36
       Punch             ||     1
       Flail             ||     3
 Fire: Hunting sling     ||     2
Throw: Stone             ||     2
  Use: Potion            ||     1
 Stab: Sleeping          ||     1
Armor: Robe              ||     7
Dodge: Dodged            ||    24

Table legend: (Time is in decaauts)
 A = Elapsed time spent in this place.
 B = Non-inter-level travel time spent in this place.
 C = Inter-level travel time spent in this place.
 D = Time resting spent in this place.
 E = Time spent auto-exploring this place.
 F = Levels seen in this place.
 G = Mean time per level.
                   A        B        C        D        E       F      G
               +--------+--------+--------+--------+--------+-----+--------+
         Total |    296 |    296 |      0 |      0 |      0 |   4 |   74.0 |
       Dungeon |    296 |    296 |      0 |      0 |      0 |   4 |   74.0 |
               +--------+--------+--------+--------+--------+-----+--------+

Top non-repeatable levels by time:
     D:3: 227 daAuts
     D:2: 32 daAuts
     D:4: 18 daAuts
     D:1: 17 daAuts
